 Dungeon Crawl Stone Soup version 0.30-a0-305-g026cb31310 (webtiles) character file.

Game seed: 10309114097338626820

3028 Hnjsb the Covert (level 9, -3/39 HPs)
             Began as a Spriggan Enchanter on Oct 22, 2022.
             Was a Priest of Dithmenos.
             Slain by a wolf (5 damage)
             ... led by Grum
             ... on level 8 of the Dungeon.
             The game lasted 00:28:54 (8337 turns).

Hnjsb the Covert (Spriggan Enchanter)               Turns: 8337, Time: 00:28:55

Health: -3/39      AC:  3    Str:  8    XL:     9   Next: 56%
Magic:  11/24      EV: 17    Int: 23    God:    Dithmenos [***...]
Gold:   396        SH:  0    Dex: 15    Spells: 15/28 levels left

rFire   + . .      SeeInvis +    v - +2 dagger (vamp)
rCold   . . .      Faith    .    (no shield)
rNeg    . . .      Spirit   .    b - +1 robe
rPois   .          Reflect  .    (helmet restricted)
rElec   .          Harm     .    (no cloak)
rCorr   .          Rampage  .    (gloves unavailable)
Will    +....                    (boots unavailable)
Stlth   +++++++...               t - amulet of magic regeneration
HPRegen 0.26/turn                z - +6 ring of intelligence
MPRegen 0.59/turn                g - ring of protection from fire

@: wreathed by umbra, very quick
A: very small, no large weapons, unfitting armour, see invisible, speed 3
a: Renounce Religion, Shadow Step


You were on level 8 of the Dungeon.
You worshipped Dithmenos.
Dithmenos was most pleased with you.
You visited 2 branches of the dungeon, and saw 10 of its levels.

You collected 396 gold pieces.

Inventory:

Hand Weapons
 a - a +2 dagger
 f - a +4 falchion of electrocution
 v - a +2 vampiric dagger (weapon)
Missiles
 r - 2 throwing nets (quivered)
 x - 2 curare-tipped darts
Armour
 b - a +1 robe (worn)
 y - an orb of guile
Jewellery
 d - a ring of poison resistance
 g - a ring of protection from fire (right hand)
 t - an amulet of magic regeneration (around neck)
 z - a +6 ring of intelligence (left hand)
 C - a ring of magical power
Wands
 e - a wand of mindburst (9)
 m - a wand of quicksilver (10)
 q - a wand of iceblast (22)
 u - a wand of digging (4)
Scrolls
 n - a scroll of magic mapping
 o - a scroll of poison
 w - a scroll of fear
Potions
 c - a potion of invisibility
 h - 2 potions of might
 i - 2 potions of magic
 j - a potion of haste
 k - a potion of curing
 l - a potion of berserk rage
 p - a potion of flight
 s - a potion of brilliance
 A - a potion of heal wounds
 B - a potion of cancellation {unknown}


   Skills:
 - Level 1.1 Short Blades
 - Level 2.6 Dodging
 + Level 11.8 Stealth
 + Level 10.0 Spellcasting
 + Level 10.3 Hexes


You had 15 spell levels left.
You knew the following spells:

 Your Spells              Type           Power      Damage    Failure   Level
a - Ensorcelled Hibernat  Hex/Ice        70%        N/A       1%          2
b - Tukima's Dance        Hex            56%        N/A       1%          3
c - Dazzling Flash        Conj/Hex       70%        N/A       1%          3
d - Confusing Touch       Hex            56%        N/A       1%          3
e - Blink                 Tloc           22%        N/A       9%          2

Your spell library contained the following spells:

 Spells                   Type           Power      Damage    Failure   Level
 Inner Flame              Hex/Fire       35%        N/A       1%          3
 Gell's Gravitas          Tloc           11%        N/A       17%         3
 Ignite Poison            Fire/Tmut/Pois 11%        N/A       17%         3
 Lesser Beckoning         Tloc           22%        N/A       17%         3
 Teleport Other           Tloc           11%        N/A       17%         3
 Vhi's Electric Charge    Tloc/Air       22%        N/A       17%         3
 Flame Wave               Conj/Fire      11%        2d6       50%         4
 Manifold Assault         Tloc           11%        N/A       50%         4
 Sticky Flame             Conj/Fire      11%        2d3       50%         4
 Arcjolt                  Conj/Air       5%         1d15      83%         5
 Storm Form               Tmut/Air       5%         N/A       100%        7
 Ignition                 Fire           5%         3d4       100%        8
 Maxwell's Capacitive Co  Air            5%         ∞         100%        8


Dungeon Overview and Level Annotations

Branches:
Dungeon (9/15)             Temple (1/1) D:4
   Lair: D:8-11         Orc: D:9-12

Altars:
Ashenzari
Cheibriados
Dithmenos
Elyvilon
Fedhas
Hepliaklqana
Makhleb
Nemelex Xobeh
Qazlal
Ru
Trog
Uskayaw
Wu Jian
Xom
Yredelemnul
Zin

Shops:
D:1 (   D:2 [(   D:6 :

Annotations:
D:9 Grum


Innate Abilities, Weirdness & Mutations

You are very small and have problems with some larger weapons.
You are too small for most types of armour.
You have supernaturally acute eyesight. (SInv)
You cover ground extremely quickly. (Speed+++)


Message History

You climb upwards.
There is a stone staircase leading down here.
Casting: Dazzling Flash (safe; 1% risk of failure)
Confirm with . or Enter, or press ? or * to list all spells.
Aiming: Ensorcelled Hibernation (safe; 1% risk of failure)
Press: ? - help, Shift-Dir - straight line, f - wolf
Aim: a wolf (umbra, chance to affect: 63%)
The wolf resists with significant effort.
The wolf barely misses you. The gnoll barely misses you.
Casting: Ensorcelled Hibernation (safe; 1% risk of failure)
Confirm with . or Enter, or press ? or * to list all spells.
Aiming: Ensorcelled Hibernation (safe; 1% risk of failure)
Press: ? - help, Shift-Dir - straight line, f/p - wolf
Aim: a wolf (umbra, chance to affect: 63%)
The wolf resists with significant effort.
The wolf bites you.
* * * LOW HITPOINT WARNING * * *
The wolf misses you. The gnoll completely misses you.
Casting: Ensorcelled Hibernation (safe; 1% risk of failure)
Confirm with . or Enter, or press ? or * to list all spells.
Aiming: Ensorcelled Hibernation (safe; 1% risk of failure)
Press: ? - help, Shift-Dir - straight line, f/p - wolf
Aim: a wolf (umbra, chance to affect: 63%)
Okay, then.
Unknown command.
Casting: Ensorcelled Hibernation (safe; 1% risk of failure)
Confirm with . or Enter, or press ? or * to list all spells.
Aiming: Ensorcelled Hibernation (safe; 1% risk of failure)
Press: ? - help, Shift-Dir - straight line, f/p - wolf
Aim: a wolf (umbra, chance to affect: 63%)
The wolf resists with significant effort.
The wolf barely misses you. The wolf bites you.
* * * LOW HITPOINT WARNING * * *
The gnoll misses you. The wolf attacks as you move away! The wolf bites you.
* * * LOW HITPOINT WARNING * * *
The gnoll is no longer blind.
The wolf attacks as you move away! The wolf completely misses you.
The wolf attacks as you move away! The wolf bites you.
You die...

.....##............##....###...##
................#####.....#.....#
........#.......## #............#
.................###.......###..#
.#......#.......###........# #...
.#..#............##........# #...
....#...........##........## #..#
......##.##......#......### #..#
..#.####.####...@h.g>...## ###...
.##.####...#...........#.###....#
.##..#................##.......#.
........##...#...................
........#....#[....##.#..........
.......##<#.......###.##.........
.......)))#........#..#..........
.......))#.)..#.............#....
.......((#...###..####..##..#....


You could see a wolf and a gnoll.

Vanquished Creatures
  2 water moccasins
  2 black bears
  An orc warrior (D:8)
  5 ice beasts
  A sky beast (D:7)
  An ogre (D:5)
  2 centaurs
  3 kobold brigands
  4 bullfrogs
  A necrophage (D:6)
  2 scorpions (D:6)
  4 hounds
  3 orc priests
  3 jellies
  A gnoll bouda (D:5)
  3 iguanas
  Terence (D:2)
  4 orc wizards
  Natasha (thrice) (D:3)
  4 gnolls
  6 adders
  3 white imps
  An ufetubus (D:6)
  A worm (D:4)
  4 dart slugs
  21 orcs
  6 bats
  11 endoplasms
  3 giant cockroaches
  8 goblins
  5 hobgoblins
  2 jackals (D:1)
  20 kobolds
  7 quokkas
  3 ball pythons
  6 frilled lizards
  9 rats
166 creatures vanquished.

Vanquished Creatures (collateral kills)
  A gnoll sergeant (D:8)
  A scorpion (D:4)
  A gnoll bouda (D:8)
  An orc wizard (D:8)
  7 gnolls
  5 orcs
  An endoplasm (D:2)
  2 kobolds
19 creatures vanquished.

Vanquished Creatures (others)
  6 dancing weapons
  10 plants (D:5)
16 creatures vanquished.

Grand Total: 201 creatures vanquished

Notes
Turn   | Place    | Note
-------+----------+-------------------------------------------
     0 | D:1      | Hnjsb the Spriggan Enchanter began the quest for the Orb.
     0 | D:1      | Reached XP level 1. HP: 9/9 MP: 5/5
   108 | D:1      | Found Hosuh's Antique Weapon Emporium.
   236 | D:1      | Reached XP level 2. HP: 13/13 MP: 7/7
   239 | D:1      | Learned a level 2 spell: Ensorcelled Hibernation
   460 | D:1      | Found a faded altar of an unknown god.
   747 | D:1      | Reached XP level 3. HP: 13/16 MP: 3/9
   957 | D:2      | Learned a level 3 spell: Tukima's Dance
   961 | D:2      | Learned a level 3 spell: Confusing Touch
  1095 | D:2      | Noticed Terence
  1107 | D:2      | Killed Terence
  1108 | D:2      | Reached XP level 4. HP: 9/21 MP: 4/11
  1260 | D:2      | Reached skill level 5 in Hexes
  1458 | D:2      | Found Votyik's Armour Boutique.
  1597 | D:2      | Found Medem's Weapon Shoppe.
  1703 | D:2      | Learned a level 3 spell: Dazzling Flash
  1872 | D:3      | Found a hide-covered altar of Uskayaw.
  2270 | D:3      | Noticed Natasha
  2275 | D:3      | Killed Natasha
  2276 | D:3      | Reached skill level 5 in Spellcasting
  2276 | D:3      | Reached XP level 5. HP: 24/24 MP: 9/13
  2799 | D:3      | Noticed Natasha
  2807 | D:3      | Killed Natasha
  2962 | D:3      | Noticed Natasha
  2972 | D:3      | Killed Natasha
  3065 | D:4      | Found a bloodstained altar of Trog.
  3091 | D:4      | Found a staircase to the Ecumenical Temple.
  3114 | Temple   | Entered the Ecumenical Temple
  3156 | Temple   | Became a worshipper of Dithmenos the Shadowed
  3195 | D:4      | Reached XP level 6. HP: 20/28 MP: 5/15
  4058 | D:5      | Entered Level 5 of the Dungeon
  4352 | D:5      | Reached XP level 7. HP: 32/32 MP: 15/18
  4568 | D:5      | Reached * piety under Dithmenos
  5278 | D:6      | Reached XP level 8. HP: 29/36 MP: 21/21
  5546 | D:6      | Reached ** piety under Dithmenos
  5762 | D:6      | Learned a level 2 spell: Blink
  5911 | D:6      | Found Jomitil's Tremendous Tomes.
  5940 | D:6      | Reached skill level 5 in Stealth
  6361 | D:7      | Reached skill level 6 in Stealth
  6378 | D:7      | Found a basalt altar of Yredelemnul.
  6388 | D:7      | Reached skill level 7 in Stealth
  6491 | D:7      | Reached skill level 8 in Stealth
  6521 | D:7      | Found a shimmering altar of Xom.
  6638 | D:7      | Reached skill level 9 in Stealth
  6638 | D:7      | Reached XP level 9. HP: 39/39 MP: 23/23
  6808 | D:7      | Found a broken altar of Ashenzari.
  6899 | D:7      | Found a sparkling altar of Nemelex Xobeh.
  7137 | D:7      | Found an ornate altar of the Wu Jian Council.
  7140 | D:7      | Found a stormy altar of Qazlal.
  7255 | D:8      | Reached skill level 10 in Stealth
  7566 | D:8      | Reached skill level 11 in Stealth
  7797 | D:8      | Found a burning altar of Makhleb.
  7828 | D:8      | Reached skill level 10 in Hexes
  7851 | D:8      | Reached *** piety under Dithmenos
  8067 | D:8      | Found a glowing silver altar of Zin.
  8140 | D:8      | Reached skill level 10 in Spellcasting
  8326 | D:9      | Noticed Grum
  8334 | D:8      | HP: 1/39 [wolf[Grum] (6)]
  8337 | D:8      | Slain by a wolf

Illustrated notes

Levels and vault maps discovered:
D:1:      lightli_arrival_statue_moat, layout_basic, serial_shops,
          nicolae_shop_stone, chequers_ecumenical_altar_simple_redux,
          grunt_decor_fettered
D:2:      layout_loops_ring, serial_shops, nicolae_shop_statue_plus, shop,
          uniq_terence
D:3:      layout_basic, mainiacjoe_overflow_brackets, uniq_natasha
D:4:      layout_cave_pods, trog_three_pillars_becter, minmay_temple_entry_tees
D:5:      layout_loops_cross, lexackson_kobold_supper
D:6:      layout_loops_ring, nicolae_shop_i_like_big_books,
          hangedman_decor_growths
D:7:      layout_loops_ring, nemelex_spade_bored_becter,
          mainiacjoe_overflow_alcove_1, mainiacjoe_overflow_cross_hatched,
          nicolae_overflow_hidden_temple
D:8:      layout_cave_pools, lemuel_round_altar, makhleb_blood_cavern_becter
D:9:      layout_long_grid, kennysheep_mini_moat, uniq_erica, uniq_grum
Temple:   jpeg_temple_clearing

Skill      XL: |  1  2  3  4  5  6  7  8  9 |
---------------+----------------------------+-----
Spellcasting   | 3 4 5 6 8 9 10 | 10.0
Hexes          | 4 5 6 7 8 9 10 | 10.3
Stealth        | 9 11 | 11.8
Short Blades   | |  1.1
Dodging        | |  2.6

Action                   |  1- 3 |  4- 6 |  7- 9 || total
-------------------------+-------+-------+-------++-------
Melee: Dagger            |    90 |   115 |   267 ||   472
       Punch             |     1 |       |     4 ||     5
 Cast: Ensorcelled Hiber |     5 |    27 |    50 ||    82
       Tukima's Dance    |     3 |     1 |    28 ||    32
       Confusing Touch   |     1 |       |    14 ||    15
       Dazzling Flash    |       |     1 |     2 ||     3
Evoke: Wand              |       |       |    10 ||    10
  Use: Scroll            |     3 |    12 |     5 ||    20
       Potion            |     2 |       |       ||     2
 Stab: Sleeping          |    10 |    33 |    39 ||    82
       Distracted        |     1 |     2 |       ||     3
       Confused          |       |       |     9 ||     9
       Invisible         |       |       |     1 ||     1
Armor: Robe              |     6 |    16 |    26 ||    48
Dodge: Dodged            |    47 |    65 |   229 ||   341

Table legend: (Time is in decaauts)
 A = Elapsed time spent in this place.
 B = Non-inter-level travel time spent in this place.
 C = Inter-level travel time spent in this place.
 D = Time resting spent in this place.
 E = Time spent auto-exploring this place.
 F = Levels seen in this place.
 G = Mean time per level.
                   A        B        C        D        E       F      G
               +--------+--------+--------+--------+--------+-----+--------+
         Total |   6045 |   5744 |    301 |    515 |   3867 |  10 |  604.5 |
       Dungeon |   6009 |   5718 |    291 |    515 |   3851 |   9 |  667.7 |
        Temple |     36 |     26 |     10 |      0 |     16 |   1 |   36.0 |
               +--------+--------+--------+--------+--------+-----+--------+

Top non-repeatable levels by time:
     D:7: 1014 daAuts
     D:3: 947 daAuts
     D:5: 885 daAuts
     D:6: 781 daAuts
     D:4: 684 daAuts
     D:1: 659 daAuts
     D:2: 543 daAuts
     D:8: 482 daAuts
  Temple: 36 daAuts
     D:9: 10 daAuts
